 Dungeon Crawl Stone Soup version 0.31.0-11-ge490571c62 (webtiles) character file.

Game seed: 4494585635414156814

231 qw the Skirmisher (level 5, -2/29 HPs)
             Began as a Deep Elf Hunter on Feb 3, 2024.
             Succumbed to a water moccasin's poison
             ... on level 4 of the Dungeon.
             The game lasted 00:00:07 (2473 turns).

qw the Skirmisher (Deep Elf Hunter)                 Turns: 2473, Time: 00:00:08

Health: -2/29      AC:  5    Str: 10    XL:     5   Next: 73%
Magic:  7/7        EV: 11    Int: 14    God:
Gold:   307        SH:  0    Dex: 18    Spells: 4/4 levels left

rFire   . . .        a - +1 shortbow (flame)
rCold   . . .        (shield currently unavailable)
rNeg    . . .        j - +0 ring mail
rPois   .            (no helmet)
rElec   .            (no cloak)
rCorr   +            (no gloves)
SInv    .            (no boots)
Will    .....        (no amulet)
Stlth   +            h - ring of resist corrosion
HPRegen 0.24/turn    (no ring)
MPRegen 0.10/turn

%: no passive effects
@: lethally poisoned (-2 -> -19)
A: no striking features
a: no special abilities


You were on level 4 of the Dungeon.
You visited 1 branch of the dungeon, and saw 4 of its levels.

You collected 307 gold pieces.


   Skills:
 + Level 1.5 Fighting
 - Level 9.3 Ranged Weapons
 - Level 2.4 Dodging
 - Level 1.2 Stealth


You had 4 spell levels left.
You didn't know any spells.
Your spell library was empty.

Inventory:

Hand Weapons
 a - a +1 shortbow of flaming (weapon)
Armour
 j - a +0 ring mail (worn)
Jewellery
 h - a ring of resist corrosion (left hand)
Scrolls
 b - a scroll of identify
 d - a scroll of revelation {unknown}
Potions
 c - 2 potions of enlightenment {unknown}
 e - a potion of mutation {unknown}
 g - a potion of might {unknown}

Dungeon Overview and Level Annotations

Branches:
Dungeon (4/15)
 Temple: D:4-7

Altars:
Ashenzari
Gozag
Yredelemnul


Message History

Enter note: You shoot an arrow.
The arrow closely misses the water moccasin.
You shoot an arrow.
The arrow closely misses the water moccasin.
You shoot an arrow. The arrow hits the water moccasin.
The arrow burns the water moccasin.
The water moccasin is moderately wounded.
You shoot an arrow. The arrow hits the water moccasin.
The arrow burns the water moccasin.
The water moccasin is moderately wounded.
The water moccasin bites you. x2
You shoot an arrow. The arrow misses the water moccasin.
The water moccasin closely misses you.
The water moccasin bites you but does no damage.
You shoot an arrow. The arrow hits the water moccasin.
The arrow burns the water moccasin.
The water moccasin is severely wounded.
The water moccasin bites you.
You are poisoned.
The water moccasin poisons you!
A quokka comes into view.
You shoot an arrow. The arrow hits the water moccasin.
The arrow burns the water moccasin.
The water moccasin is severely wounded.
You feel very sick. The water moccasin bites you.
You are lethally poisoned!
The water moccasin poisons you! The water moccasin barely misses you.
You shoot an arrow. The arrow hits the water moccasin.
The arrow burns the water moccasin.
You kill the water moccasin!
You feel extremely sick.
Your Ranged Weapons skill increases to level 9!
You have reached level 5!
You shoot an arrow. The arrow hits the quokka!
The arrow burns the quokka.
You kill the quokka!
You feel very sick.
There is a lethal amount of poison in your body!
You die...

###.
##.##............
... #
#...............
...
#.#...........#.
...
..##..#....#....
#..
...###...###.....
..
....#.....##......
..........#.......
###..#..#.........
#...##...@%......
#.. #.#....$.....
.# ..##.#..##....
##. #.#.#. ... #
#...... ..
........ ...##..##
## ..


There were no monsters in sight!

Vanquished Creatures
  A water moccasin (D:4)
  An orc priest (D:3)
  5 adders
  2 dart slugs
  4 orcs (D:3)
  4 ball pythons
  3 endoplasms
  2 giant cockroaches
  5 goblins
  2 hobgoblins (D:1)
  2 jackals (D:1)
  5 kobolds
  2 quokkas
  5 bats
  2 rats
45 creatures vanquished.

Notes
Turn   | Place    | Note
-------+----------+-------------------------------------------
     0 | D:1      | qw the Deep Elf Hunter began the quest for the Orb.
     0 | D:1      | Reached XP level 1. HP: 12/12 MP: 3/3
     0 | D:1      | 0 ||| qw: Version: 0.3-a-157-g843a77d
     0 | D:1      | 0 ||| qw: Game counter: 3733
     0 | D:1      | 0 ||| qw: Melee chars always use a shield: true
     0 | D:1      | 0 ||| qw: God list: Okawaru
     0 | D:1      | 0 ||| qw: Allow faded altars: false
     0 | D:1      | 0 ||| qw: Do Orc after clearing Dungeon:15 true
     0 | D:1      | 0 ||| qw: Do second Lair branch before Depths: true
     0 | D:1      | 0 ||| qw: Lair rune preference: random
     0 | D:1      | 0 ||| qw: Goals: Normal
     0 | D:1      | 0 ||| PLANNING D:1-11
    49 | D:1      | Reached XP level 2. HP: 16/16 MP: 4/4
    64 | D:1      | Reached skill level 6 in Ranged Weapons
   632 | D:1      | 632 ||| READING scroll labelled HIFRIJYITZO.
   632 | D:1      | 632 ||| ENCHANTING +0 shortbow.
   633 | D:1      | 633 ||| READING scroll labelled QYELOCWEDGH.
   633 | D:1      | 633 ||| BRANDING +1 shortbow.
   634 | D:1      | 634 ||| DRINKING 2 green potions.
   635 | D:1      | 635 ||| DROPPING scroll of butterflies.
   636 | D:1      | 636 ||| DROPPING potion of invisibility.
   706 | D:2      | Found a broken altar of Ashenzari.
   799 | D:2      | Reached XP level 3. HP: 20/20 MP: 5/5
   869 | D:2      | Reached skill level 7 in Ranged Weapons
  1258 | D:2      | 1258 ||| UPGRADING to +0 robe of cold resistance.
  1268 | D:2      | 1268 ||| DROPPING +0 leather armour.
  1269 | D:2      | 1269 ||| UPGRADING to +0 ring mail.
  1279 | D:2      | 1279 ||| DROPPING +0 robe of cold resistance.
  1280 | D:2      | 1280 ||| UPGRADING to ring of resist corrosion.
  1281 | D:2      | 1281 ||| DROPPING ring of flight.
  1282 | D:2      | 1282 ||| READING scroll labelled ANTEROSOGG.
  1317 | D:2      | 1317 ||| READING scroll labelled FANIAG LIOPT.
  1319 | D:2      | 1319 ||| Stepping ~*~*~tactically~*~*~ (cloud).
  1324 | D:2      | HP: 5/20 [poisoned by you (poison gas)]
  1479 | D:3      | Found an opulent altar of Gozag.
  1654 | D:3      | Reached XP level 4. HP: 25/25 MP: 6/6
  1666 | D:3      | Found a faded altar of an unknown god.
  1858 | D:3      | Reached skill level 8 in Ranged Weapons
  1937 | D:3      | Found a basalt altar of Yredelemnul.
  2090 | D:3      | 2090 ||| READING scroll labelled FAMNON ANAE.
  2090 | D:3      | 2090 ||| IDENTIFYING glowing ruby potion
  2091 | D:3      | 2091 ||| READING scroll labelled CIRCHOKANTU.
  2092 | D:3      | 2092 ||| READING scroll labelled CANWIO BISOURI.
  2193 | D:3      | 2193 ||| DROPPING potion of brilliance.
  2337 | D:4      | HP: 6/25 [poisoned by an adder]
  2463 | D:4      | Noticed a water moccasin
  2471 | D:4      | Killed a water moccasin
  2471 | D:4      | HP: 5/25 [poisoned by a water moccasin]
  2472 | D:4      | Reached skill level 9 in Ranged Weapons
  2472 | D:4      | Reached XP level 5. HP: 5/29 MP: 7/7
  2472 | D:4      | HP: 2/29 [poisoned by a water moccasin]
  2473 | D:4      | Succumbed to a water moccasin's poison

Levels and vault maps discovered:
D:1:      tarquinn_simple_flora_water_e, layout_loops_ring
D:2:      layout_basic, basic_altar, amethyst_killhole, minmay_octomino_e4
D:3:      layout_loops_ring, marbit_many_paths, amcnicky_altar_gilded,
          dreamdust_ecumenical_altar_angels_and_demons
D:4:      kennysheep_kobold_camp, layout_layer_cave,
          nicolae_qazlal_eye_of_the_storm, corexii_leaking_fountain

Skill      XL: |  1  2  3  4 |
---------------+-------------+-----
Ranged Weapons | 6 7 9 |  9.3
Fighting       | |  1.5
Dodging        | |  2.4
Stealth        | |  1.2

Action                     |  1- 3 |  4- 6 || total
---------------------------+-------+-------++-------
   Fire: Shortbow          |    71 |    55 ||   126
    Use: Scroll            |     4 |     3 ||     7
         Potion            |     1 |       ||     1
 Armour: Leather armour    |    13 |       ||    13
         Ring mail         |     2 |    24 ||    26
  Dodge: Dodged            |    10 |    12 ||    22

Table legend:
 A = Non-vault XP
 B = Vault XP
 C = Vault XP percentage of total XP
 D = Non-vault monster count
 E = Vault monster count
 F = Vault count percentage of total count
                 A         B        C        D         E       F
            +---------+---------+-------+---------+---------+-------
      Total |     325 |       6 |   1.8 |      42 |       3 |   6.7
            +---------+---------+-------+---------+---------+-------
        D:1 |      29 |       0 |   0.0 |      15 |       0 |   0.0
        D:2 |      48 |       4 |   7.7 |       8 |       2 |  20.0
        D:3 |      83 |       2 |   2.4 |      15 |       1 |   6.2
        D:4 |     165 |       0 |   0.0 |       4 |       0 |   0.0
            +---------+---------+-------+---------+---------+-------
